 Dungeon Crawl Stone Soup version 0.24.0-37-gcf1ca852f1 (webtiles) character file.

Game seed: 12527062498499302740, levelgen mode: deterministic

1159 mahrgell the Insei (level 8, -4/68 HPs)
             Began as a White Draconian Transmuter on Nov 22, 2019.
             Was an Initiate of Cheibriados.
             Slain by an ogre
             ... wielding a +0 giant club
              (17 damage)
             ... on level 6 of the Dungeon.
             The game lasted 00:29:18 (6016 turns).

mahrgell the Insei (White Draconian Transmuter)     Turns: 6016, Time: 00:29:18

Health: -4/68      AC:  7    Str: 14    XL:     8   Next: 16%
Magic:  13/13      EV: 12    Int: 14    God:    Cheibriados [......]
Gold:   248        SH:  0    Dex: 15    Spells: 13/14 levels left

rFire    . . .     SeeInvis .     - Unarmed
rCold    + . .     Gourm    .   (no shield)
rNeg     . . .     Faith    .   (armour unavailable)
rPois    +         Spirit   .   (helmet restricted)
rElec    .         Reflect  .   (no cloak)
rCorr    .         Harm     .   o - +0 pair of gloves
MR       .....                  (no boots)
Stlth    +++.......             (no amulet)
HPRegen  0.21/turn              n - ring of stealth
MPRegen  0.13/turn              y - ring of poison resistance

@: appendage, very slow
A: breathe frost, unfitting armour, horns 2, cold resistance 1, cold-blooded, AC
+6
a: Breathe Frost, End Transformation, Bend Time, Renounce Religion


You were on level 6 of the Dungeon.
You worshipped Cheibriados.
Cheibriados was noncommittal.
You were not hungry.
You had grown temporary horns.
You visited 2 branches of the dungeon, and saw 7 of its levels.

You collected 248 gold pieces.

Inventory:

Missiles
 a - 54 arrows
Armour
 o - a +0 pair of gloves (worn)
Jewellery
 n - a ring of stealth (left hand)
 u - an uncursed ring of flight
 w - an uncursed ring of positive energy
 y - a ring of poison resistance (right hand)
Wands
 s - a wand of acid (6)
Scrolls
 b - 5 scrolls of remove curse {unknown}
 g - 3 scrolls of teleportation {unknown}
 i - 6 scrolls of identify {unknown}
 l - a scroll of magic mapping {unknown}
 m - a scroll of immolation {unknown}
 r - a scroll of blinking {unknown}
 A - a scroll of fog {unknown}
Potions
 d - 2 potions of flight
 e - 2 potions of brilliance {unknown}
 f - 2 potions of ambrosia {unknown}
 h - 2 potions of haste {unknown}
 j - a potion of mutation {unknown}
 k - a potion of heal wounds {unknown}
 p - a potion of might {unknown}
 q - a potion of resistance {unknown}
 t - a potion of curing
 v - a potion of degeneration {unknown}
 x - a potion of lignification {unknown}
Comestibles
 c - 8 rations
 z - 2 chunks of flesh


   Skills:
 * Level 5.3 Fighting
 + Level 1.8 Dodging
 + Level 3.0 Stealth
 * Level 5.6 Unarmed Combat
 + Level 3.5 Spellcasting
 * Level 5.3 Transmutations
 + Level 0.0 Invocations


You had 13 spell levels left.
You knew the following spells:

 Your Spells              Type           Power        Failure   Level  Hunger
a - Beastly Appendage     Tmut           ###...       2%          1    #......

Your spell library contained the following spells:

 Spells                   Type           Power        Failure   Level  Hunger
 Sticks to Snakes         Tmut           ###.....     3%          2    ##.....
 Magic Dart               Conj           #...         21%         1    #......
 Spider Form              Tmut/Pois      #.........   21%         3    ###....
 Blink                    Tloc           N/A          30%         2    ##.....
 Call Imp                 Summ           #.......     30%         2    ##.....
 Slow                     Hex            #.......     30%         2    ##.....
 Conjure Flame            Conj/Fire      #.......     52%         3    ###....
 Mephitic Cloud           Conj/Pois/Air  #.......     52%         3    ###....
 Blade Hands              Tmut           ###.......   54%         5    ######.
 Ice Form                 Ice/Tmut       #.......     56%         4    #####..


Dungeon Overview and Level Annotations

Branches:
Dungeon (6/15)             Temple (1/1) D:6

Altars:
Ashenzari
Cheibriados
Fedhas
Gozag
Makhleb
Sif Muna
Trog
Uskayaw
Vehumet
Wu Jian
Xom
Yredelemnul


Innate Abilities, Weirdness & Mutations

You can breathe waves of freezing cold.
You can buffet flying creatures when you breathe cold.
Your icy white scales are hard. (AC +6)
You cannot fit into any form of body armour.
Your flesh is cold resistant. (rC+)
You are cold-blooded and may be slowed by cold attacks.
You have a pair of horns on your head.


Message History

You kill the orc priest!
Cheibriados appreciates the change of pace.
Casting: Beastly Appendage (safe; 2% risk of failure)
Confirm with . or Enter, or press ? or * to list all spells.
You grow a pair of large bovine horns.
You hit the ogre but do no damage. The ogre barely misses you.
You hit the ogre.
The ogre is lightly wounded.
The ogre hits you with a +0 giant club!
You barely miss the ogre. You headbutt the ogre.
The ogre is moderately wounded.
You hit the ogre but do no damage.
The ogre is moderately wounded.
The ogre hits you with a +0 giant club!
* * * LOW HITPOINT WARNING * * *
You hit the ogre.
The ogre is heavily wounded.
You have got your breath back.
The ogre hits you with a +0 giant club!
You die...

#####. ..... .... ...
..### ... #)# ######.#
#...@O.# ... #.######
......#.#
......#.######## ##
......#........# .
......#........#
######..........)#...#
..#....##...#..##....#
#.....######..##.....#


You could see an ogre.

Vanquished Creatures
  2 ogres
  A centaur (D:6)
  A howler monkey (D:5)
  A bullfrog zombie (D:6)
  2 crimson imps
  3 hounds
  3 orc priests
  A gnoll shaman (D:6)
  2 jellies
  2 orc wizards
  Natasha (twice) (D:3)
  6 worker ants
  7 gnolls (D:6)
  4 adders
  4 shadow imps (D:6)
  An ooze (D:1)
  An adder skeleton (D:4)
  3 worms
  3 dart slugs
  6 leopard geckos
  15 orcs
  5 bats
  4 giant cockroaches
  2 gnoll zombies (D:5)
  9 goblins
  4 hobgoblins
  5 jackals
  5 quokkas
  2 frilled lizards
  A jackal skeleton (D:4)
  8 kobolds
  A leopard gecko skeleton (D:6)
  A leopard gecko zombie (D:5)
  2 quokka skeletons
  3 rats
122 creatures vanquished.

Notes
Turn   | Place    | Note
-------+----------+-------------------------------------------
     0 | D:1      | mahrgell the Draconian Transmuter began the quest for the
                  | Orb.
     0 | D:1      | Reached XP level 1. HP: 16/16 MP: 3/3
    52 | D:1      | Reached XP level 2. HP: 22/23 MP: 5/5
   342 | D:1      | Reached XP level 3. HP: 14/29 MP: 4/6
  1562 | D:4      | Reached XP level 4. HP: 27/36 MP: 7/7
  1569 | D:3      | Noticed Natasha
  1578 | D:3      | Killed Natasha
  1578 | D:3      | Reached skill level 1 in Stealth
  1902 | D:3      | Found a burning altar of Makhleb.
  2796 | D:3      | Reached XP level 5. HP: 19/44 MP: 8/8
  2999 | D:3      | Noticed Natasha
  3015 | D:3      | Killed Natasha
  3509 | D:5      | Entered Level 5 of the Dungeon
  3605 | D:5      | Reached XP level 6. HP: 31/51 MP: 8/10
  4326 | D:4      | Your scales start taking on an icy white colour.
  4326 | D:4      | Reached XP level 7. HP: 57/59 MP: 11/11
  4326 | D:4      | Gained mutation: Your flesh is cold resistant. (rC+) [White
                  | Draconian growth]
  4591 | D:4      | Found a bloodstained altar of Trog.
  5014 | D:5      | Found a shattered altar of Ashenzari.
  5113 | D:5      | Found a basalt altar of Yredelemnul.
  5182 | D:5      | Reached skill level 5 in Unarmed Combat
  5275 | D:5      | HP: 3/60 [hound (1)]
  5701 | D:6      | Reached skill level 5 in Transmutations
  5720 | D:6      | Reached skill level 5 in Fighting
  5777 | D:6      | Found a staircase to the Ecumenical Temple.
  5795 | D:6      | Reached XP level 8. HP: 47/68 MP: 13/13
  5801 | Temple   | Entered the Ecumenical Temple
  5879 | Temple   | Became a worshipper of Cheibriados the Contemplative
  6016 | D:6      | Slain by an ogre

Levels and vault maps discovered:
D:1:      dpeg_arrival_rooms_a, layout_basic
D:2:      layout_loops_corners
D:3:      layout_loops_ring, bloody_makhleb, uniq_natasha
D:4:      layout_loops_corners, kennysheep_mini_moat, fountainhead,
          minmay_tree_intersection
D:5:      layout_basic, lemuel_zombie_altar_yredelemnul, first_ration,
          ashenzari_altar_1
D:6:      layout_basic, grunt_qazlal_clouds, minmay_temple_entry_wispy,
          uniq_sigmund
Temple:   hc_temple_tempest_star

Skill      XL: |  1  2  3  4  5  6  7  8 |
---------------+-------------------------+-----
Fighting       | 2 3 4 5 |  5.3
Stealth        | 1 2 3 |  3.0
Transmutations | 3 4 5 |  5.3
Unarmed Combat | 4 5 |  5.6
Spellcasting   | 3 |  3.5
Dodging        | |  1.8

Action                   |  1- 3 |  4- 6 |  7- 9 || total
-------------------------+-------+-------+-------++-------
Melee: Unarmed           |   120 |   222 |   180 ||   522
       Headbutt          |     3 |     8 |    10 ||    21
       Tailslap          |    10 |    37 |    32 ||    79
       Punch             |     2 |     2 |     5 ||     9
       Kick              |     2 |    25 |     4 ||    31
 Cast: Beastly Appendage |     7 |    22 |     9 ||    38
 Abil: Breathe Frost     |       |       |    18 ||    18
  Use: Potion            |       |       |     4 ||     4
 Stab: Sleeping          |     4 |     9 |     2 ||    15
       Distracted        |       |       |     1 ||     1
  Eat: Ration            |     1 |       |       ||     1
       Chunk             |       |     8 |     9 ||    17
Armor: Skin              |    28 |    46 |    45 ||   119
Dodge: Dodged            |    65 |   117 |   121 ||   303
